 Dungeon Crawl Stone Soup version 0.21-a0-348-ga060c75 (webtiles) character file.

9432 vishdafish the Cleaver (level 11, -7/86 HPs)
             Began as a Demonspawn Berserker on Oct 6, 2017.
             Was a High Priest of Trog.
             Mangled by MirrMurr's ghost (28 damage)
             ... on level 11 of the Dungeon.
             The game lasted 00:21:32 (11842 turns).

vishdafish the Cleaver (Demonspawn Berserker)      Turns: 11842, Time: 00:21:34

Health: -7/86      AC: 10    Str: 23    XL:     11   Next: 23%
Magic:  14/14      EV: 21    Int: 12    God:    Trog [*****.]
Gold:   601        SH:  0    Dex: 12    Spells: 10/10 levels left

rFire    + + +     SeeInvis +   Y - +0 hand axe (venom)
rCold    . . .     Gourm    .   (no shield)
rNeg     . . .     Faith    .   u - +1 leather armour {rF+}
rPois    .         Spirit   .   (helmet restricted)
rElec    .         Reflect  .   (no cloak)
rCorr    .         Harm     .   A - +0 pair of gloves
MR       .....                  (no boots)
Stlth    +.........             P - amulet of rage
HPRegen  0.24/turn              d - ring of see invisible
MPRegen  0.14/turn              s - +6 ring of evasion

@: mighty, berserk cooldown, slowed, very slow
A: horns 2, molten scales 3, demonic guardian 1, fire resistance 1
a: Berserk, Trog's Hand, Brothers in Arms, Burn Spellbooks, Renounce Religion,
Evoke Berserk Rage


You were on level 11 of the Dungeon.
You worshipped Trog.
Trog was extremely pleased with you.
You were hungry.

You visited 1 branch of the dungeon, and saw 11 of its levels.

You collected 637 gold pieces.
You spent 36 gold pieces at shops.

Inventory:

Hand Weapons
 a - a +0 hand axe
 x - a +2 flail of protection
 Y - a +0 hand axe of venom (weapon)
Armour
 u - a +1 leather armour of fire resistance (worn)
 A - a +0 pair of gloves (worn)
Jewellery
 d - a ring of see invisible (left hand)
 p - an uncursed ring of protection from magic
 s - a +6 ring of evasion (right hand)
 I - an uncursed ring of protection from cold
 O - an uncursed ring of poison resistance
 P - an amulet of rage (around neck)
 S - an uncursed ring of ice
Wands
 f - a wand of lightning (6/15)
 i - a wand of iceblast (9/15)
 v - a wand of flame (27/48)
 L - a wand of flame (33/48)
 N - a wand of acid (8/15)
 Q - a wand of clouds (3/9)
 R - a wand of lightning (6/15)
 U - a wand of iceblast (7/15)
 W - a wand of iceblast (6/15)
 X - a wand of digging (13/24)
Scrolls
 g - 2 scrolls of fear {unknown}
 h - 4 scrolls of remove curse {unknown}
 k - 2 scrolls of noise {unknown}
 m - 4 scrolls of magic mapping {unknown}
 y - 2 scrolls of recharging {unknown}
 E - a scroll of fog {unknown}
 H - a scroll of random uselessness {unknown}
 J - 2 scrolls of teleportation
 K - a scroll of enchant armour {unknown}
 M - a scroll of enchant weapon {unknown}
 T - 2 scrolls of identify
 V - a scroll of immolation {unknown}
 Z - a scroll of brand weapon {unknown}
Potions
 e - 2 potions of cancellation
 j - a potion of lignification
 l - 3 potions of brilliance
 n - 3 potions of curing
 o - 2 potions of might
 t - 2 potions of degeneration
 w - a potion of haste {unknown}
 z - a potion of invisibility {unknown}
 B - 5 potions of flight
 C - a potion of ambrosia {unknown}
 D - 2 potions of agility {unknown}
 F - a potion of berserk rage {unknown}
 G - a potion of resistance {unknown}
Books
 b - a book of Geomancy

   Spells                             Type                      Level
   a - Sandblast                      Earth                        1
   b - Passwall                       Transmutation/Earth          2
   c - Stone Arrow                    Conjuration/Earth            3
   d - Petrify                        Transmutation/Earth          4
   e - Lee's Rapid Deconstruction     Earth                        5
   Trog disapproves of the use of such an item.
Comestibles
 c - 10 royal jellies
 q - 11 fruits
 r - 3 meat rations


   Skills:
 + Level 8.2 Fighting
 * Level 10.2 Axes
 + Level 7.2 Armour
 + Level 7.1 Dodging
   Level 0.1 Shields
 - Level 5.0 Evocations


You had 10 spell levels left.
You didn't know any spells.

Dungeon Overview and Level Annotations

Branches:
Dungeon (11/15)            Temple (0/1) D:5            Lair (0/6) D:8
    Orc: D:9-12

Altars:
Trog
Zin

Shops:
D:4 *   D:5 [   D:8 ?

Portals:
Trove: D:10 (give +3 fire dragon scales)

Annotations:
D:11 MirrMurr's ghost, novice FeBe


Innate Abilities, Weirdness & Mutations

You have a pair of horns on your head.
You are completely covered in molten scales. (AC +4, rF+)
A weak demonic guardian rushes to your aid.
Your flesh is heat resistant. (rF+)


Message History

MirrMurr's ghost hits you!
* * * LOW HITPOINT WARNING * * *
Your quasit misses MirrMurr's ghost.
Your quasit completely misses MirrMurr's ghost.
Your quasit misses MirrMurr's ghost.
You feel very mighty all of a sudden.
Your quasit closely misses MirrMurr's ghost. x2
Your quasit completely misses MirrMurr's ghost.
MirrMurr's ghost hits you but does no damage.
Your quasit barely misses MirrMurr's ghost.
Your quasit misses MirrMurr's ghost.
Your quasit completely misses MirrMurr's ghost.
MirrMurr's ghost closely misses you.
You completely miss MirrMurr's ghost.
MirrMurr's ghost is almost destroyed.
Your quasit misses MirrMurr's ghost. x2
Your quasit completely misses MirrMurr's ghost.
MirrMurr's ghost shouts, "I have seen your future, and it is all used up."
MirrMurr's ghost hits you!!
You die...

###############
.........#....#
.........#....#
.......5)#....#
......W@)'....#
........)#....#
.........#....#
'#########....####
#..........
#................
#................
#................
#................


You could see MirrMurr's ghost and a friendly quasit.

Vanquished Creatures
  2 two-headed ogres
  The ghost of vishdafish the Poker, a novice DsSk of Okawaru (D:6)
  A cyclops (D:10)
  A manticore (D:9)
  A queen bee (D:7)
  2 hippogriffs
  Sigmund (D:6)
  10 yaks
  Eustachio (D:6)
  A hungry ghost (D:7)
  Edmund (D:5)
  Duvessa (D:6)
  A water moccasin (D:5)
  2 orc warriors
  4 ice beasts
  2 sky beasts (D:10)
  2 eyes of draining (D:9)
  5 ogres
  2 phantoms
  3 centaurs
  2 big kobolds
  Dowan (D:6)
  3 scorpions
  12 killer bees (D:8)
  7 wights
  2 jellies
  2 howler monkeys
  2 crimson imps
  2 quasits
  A bullfrog zombie (D:9)
  2 hounds
  2 centaur zombies
  3 orc priests
  A gnoll shaman (D:6)
  A bullfrog skeleton (D:9)
  A centaur skeleton (D:7)
  3 orc wizards
  5 iguanas
  Terence (D:3)
  Ijyb (D:3)
  4 worker ants
  A hound zombie (D:5)
  3 hound skeletons
  Robin (D:4)
  7 gnolls
  6 adders
  A shadow imp (D:6)
  7 worms
  2 dart slugs
  8 leopard geckos
  13 orcs
  3 giant cockroaches
  16 goblins
  9 hobgoblins
  14 jackals
  6 quokkas
  9 bats
  4 frilled lizards
  10 kobolds
  10 rats
232 creatures vanquished.

Vanquished Creatures (collateral kills)
  A yak (D:10)
  An ice beast (D:10)
  A scorpion (D:9)
  A wight (D:8)
  A kobold (D:11)
5 creatures vanquished.

Grand Total: 237 creatures vanquished

Notes
Turn   | Place    | Note
-------+----------+-------------------------------------------
     0 | D:1      | vishdafish the Demonspawn Berserker began the quest for the Orb.
     0 | D:1      | Reached XP level 1. HP: 18/18 MP: 1/1
   193 | D:1      | Gained mutation: Your flesh is heat resistant. (rF+) [demonic ancestry]
   193 | D:1      | Reached XP level 2. HP: 21/24 MP: 2/2
   240 | D:1      | Reached skill level 3 in Axes
   613 | D:2      | Reached XP level 3. HP: 29/29 MP: 3/3
   922 | D:2      | Reached ** piety under Trog
  1000 | D:2      | Noticed an ogre
  1004 | D:2      | Killed an ogre
  1004 | D:2      | Gained mutation: You are partially covered in molten scales. (AC +2) [demonic ancestry]
  1004 | D:2      | Reached XP level 4. HP: 36/36 MP: 4/4
  1202 | D:2      | Reached XP level 5. HP: 33/42 MP: 5/5
  1547 | D:3      | Reached skill level 4 in Axes
  2343 | D:3      | Noticed Ijyb
  2351 | D:3      | Killed Ijyb
  2473 | D:3      | Noticed Terence
  2477 | D:3      | Killed Terence
  2686 | D:4      | Reached *** piety under Trog
  2689 | D:4      | Reached XP level 6. HP: 48/48 MP: 6/6
  2960 | D:4      | Found Zin's Purification Station.
  2960 | D:4      | Found a glowing silver altar of Zin.
  3467 | D:4      | Reached skill level 5 in Axes
  3725 | D:4      | Noticed Robin
  3763 | D:4      | Killed Robin
  3777 | D:4      | Received a gift from Trog
  4300 | D:5      | Entered Level 5 of the Dungeon
  4309 | D:5      | Gained mutation: You are mostly covered in molten scales. (AC +3) [demonic ancestry]
  4309 | D:5      | Reached XP level 7. HP: 55/55 MP: 7/7
  4344 | D:5      | Found a staircase to the Ecumenical Temple.
  4374 | D:5      | Reached **** piety under Trog
  4801 | D:5      | Reached skill level 1 in Evocations
  4896 | D:5      | Found Neyn's Armour Emporium.
  4945 | D:5      | Noticed Edmund
  4957 | D:5      | Killed Edmund
  4957 | D:5      | Reached skill level 5 in Fighting
  4957 | D:5      | Gained mutation: You have a pair of small horns on your head. [demonic ancestry]
  4957 | D:5      | Reached XP level 8. HP: 62/62 MP: 7/9
  5039 | D:5      | Reached skill level 6 in Axes
  5154 | D:6      | Noticed Sigmund
  5165 | D:6      | Killed Sigmund
  5271 | D:6      | Noticed Duvessa
  5271 | D:6      | Noticed Dowan
  5278 | D:6      | Killed Duvessa
  5278 | D:6      | Killed Dowan
  5430 | D:6      | Noticed vishdafish's ghost (novice DsSk)
  5734 | D:6      | Killed vishdafish's ghost
  5803 | D:6      | Found a bloodstained altar of Trog.
  5889 | D:6      | Noticed Eustachio
  6041 | D:6      | Gained mutation: You are completely covered in molten scales. (AC +4, rF+) [demonic ancestry]
  6041 | D:6      | Reached XP level 9. HP: 59/69 MP: 12/12
  6105 | D:6      | Killed Eustachio
  6105 | D:6      | Reached skill level 7 in Axes
  6553 | D:7      | Reached skill level 5 in Armour
  6749 | D:7      | Reached skill level 5 in Dodging
  6979 | D:7      | Reached skill level 5 in Evocations
  7533 | D:8      | Found a staircase to the Lair.
  7706 | D:8      | Noticed a queen bee
  7736 | D:7      | Killed a queen bee
  7989 | D:8      | Reached skill level 8 in Axes
  8201 | D:8      | Gained mutation: A weak demonic guardian rushes to your aid. [demonic ancestry]
  8201 | D:8      | Reached XP level 10. HP: 21/77 MP: 13/13
  8856 | D:8      | Found Pirchireh's Magic Scroll Shoppe.
  8864 | D:8      | Bought a scroll of teleportation for 36 gold pieces
  9388 | D:9      | Reached ***** piety under Trog
  9636 | D:9      | Reached skill level 9 in Axes
  9663 | D:9      | Noticed a manticore
  9682 | D:9      | Killed a manticore
 10182 | D:9      | Noticed a two-headed ogre
 10189 | D:9      | Killed a two-headed ogre
 10488 | D:10     | Entered Level 10 of the Dungeon
 10847 | D:10     | Noticed a two-headed ogre
 10856 | D:10     | Killed a two-headed ogre
 10856 | D:10     | Reached skill level 10 in Axes
 10856 | D:10     | Gained mutation: You have a pair of horns on your head. [demonic ancestry]
 10856 | D:10     | Reached XP level 11. HP: 86/86 MP: 14/14
 10984 | D:10     | Found a portal to a secret trove of treasure.
 11813 | D:11     | Noticed MirrMurr's ghost (novice FeBe)
 11842 | D:11     | Mangled by MirrMurr's ghost

Vault maps used:
D:1:      nagdon_arrival_double_spiral
D:2:      corexii_shack, minmay_tiny_reverse_x
D:3:      first_bread, kennysheep_generic_room_12, uniq_terence, uniq_ijyb
D:4:      zin_purify, grunt_decor_mini_mirrors, uniq_robin
D:5:      minmay_temple_entry_grid, serial_shops, shop_statue,
          kennysheep_minor_cross, kennysheep_generic_room_9, uniq_edmund
D:6:      bloody_trog, uniq_duvessa, uniq_sigmund, uniq_eustachio
D:8:      lair_entry_dummy, serial_shops, shop, david_nohive_1
D:9:      corexii_hall_statues_t
D:10:     nicolae_trove_entry_crossroad
D:11:     zombieorc2_lemuel, kennysheep_just_a_vault, uniq_sonja,
          uniq_josephine, uniq_erica

Skill      XL: |  1  2  3  4  5  6  7  8  9 10 11 |
---------------+----------------------------------+-----
Axes           | 3 4 5 6 8 10 | 10.2
Armour         | 2 3 4 5 7 |  7.2
Dodging        | 2 3 4 5 6 7 |  7.1
Fighting       | 4 5 6 8 |  8.2
Evocations     | 1 4 5 |  5.0
Shields        | |  0.1

Action                   |  1- 3 |  4- 6 |  7- 9 | 10-12 || total
-------------------------+-------+-------+-------+-------++-------
Melee: Hand axe          |    91 |   236 |   540 |   349 ||  1216
       Headbutt          |       |       |    67 |    82 ||   149
Invok: Berserk           |     5 |    10 |    16 |     8 ||    39
 Abil: Evoke Berserk Rag |       |       |     1 |       ||     1
  Use: Scroll            |       |       |     8 |       ||     8
       Potion            |       |       |     2 |     1 ||     3
 Stab: Sleeping          |       |     1 |       |     1 ||     2
       Distracted        |       |       |     1 |     4 ||     5
  Eat: Chunk             |     3 |    15 |    13 |     5 ||    36
       Bread ration      |       |     1 |     3 |     2 ||     6
       Meat ration       |       |       |     1 |     1 ||     2
Armor: Animal skin       |    30 |    12 |       |       ||    42
       Leather armour    |       |    22 |   127 |    56 ||   205
Dodge: Dodged            |    85 |   224 |   509 |   273 ||  1091
Block: Shield            |     6 |       |       |       ||     6

Table legend:
 A = Spawn XP
 B = Non-spawn XP
 C = Spawn XP percentage of total XP
 D = Spawn monster count
 E = Non-spawn monster count
 F = Spawn count percentage of total count
 G = Total turns spent on level
                    A         B        C        D         E        F      G
               +---------+---------+-------+---------+---------+-------+---------
         Total |       0 |   13475 |   0.0 |       0 |     237 |   0.0 | 11842
               +---------+---------+-------+---------+---------+-------+---------
           D:1 |       0 |      26 |   0.0 |       0 |      15 |   0.0 |   820
           D:2 |       0 |     186 |   0.0 |       0 |      21 |   0.0 |   702
           D:3 |       0 |     164 |   0.0 |       0 |      26 |   0.0 |  1148
           D:4 |       0 |     344 |   0.0 |       0 |      32 |   0.0 |  1630
           D:5 |       0 |     899 |   0.0 |       0 |      21 |   0.0 |  1039
           D:6 |       0 |    1525 |   0.0 |       0 |      17 |   0.0 |  1112
           D:7 |       0 |    1396 |   0.0 |       0 |      27 |   0.0 |  1417
           D:8 |       0 |    1314 |   0.0 |       0 |      25 |   0.0 |  1366
           D:9 |       0 |    3353 |   0.0 |       0 |      21 |   0.0 |  1254
          D:10 |       0 |    3957 |   0.0 |       0 |      24 |   0.0 |  1224
          D:11 |       0 |     311 |   0.0 |       0 |       8 |   0.0 |   130
               +---------+---------+-------+---------+---------+-------+---------
